 Dungeon Crawl Stone Soup version 0.23-a0-310-gdcc7a32 (webtiles) character file.

756 Borgoz the Skirmisher (level 7, -1/63 HPs)
             Began as a Minotaur Abyssal Knight on Oct 12, 2018.
             Was a Believer of Lugonu.
             Slain by an orc priest
             ... wielding a +0 club
              (2 damage)
             ... on level 5 of the Dungeon.
             The game lasted 00:08:34 (5433 turns).

Borgoz the Skirmisher (Minotaur Abyssal Knight)     Turns: 5433, Time: 00:08:35

Health: -1/63      AC:  3    Str: 17    XL:     7   Next: 50%
Magic:  2/2        EV: 13    Int:  9    God:    Lugonu [**....]
Gold:   173        SH:  0    Dex: 11    Spells: 6/6 levels left

rFire    . . .     SeeInvis .   t - +1 hand axe (antimagic)
rCold    . . .     Gourm    .   (no shield)
rNeg     . . .     Faith    .   b - +0 leather armour
rPois    .         Spirit   .   (helmet restricted)
rElec    .         Reflect  .   (no cloak)
rCorr    .         Harm     .   (no gloves)
MR       .....                  (no boots)
Stlth    ++........             (no amulet)
HPRegen  0.20/turn              q - ring of stealth
MPRegen  0.08/turn              (no ring)

@: no status effects
A: retaliatory headbutt, horns 2
a: Depart the Abyss, Bend Space, Renounce Religion


You were on level 5 of the Dungeon.
You worshipped Lugonu.
Lugonu was pleased with you.
You were not hungry.

You visited 1 branch of the dungeon, and saw 5 of its levels.
You visited the Abyss 1 time.

You collected 173 gold pieces.

Inventory:

Hand Weapons
 t - a +1 antimagic hand axe (weapon)
Armour
 b - a +0 leather armour (worn)
Jewellery
 q - a ring of stealth (left hand)
Wands
 d - a wand of flame (37)
 m - a wand of polymorph (17)
 p - a wand of random effects (27)
Scrolls
 e - 4 scrolls of remove curse
 g - a scroll of random uselessness {unknown}
 j - a scroll of enchant weapon {unknown}
 l - a scroll of identify {unknown}
 n - 2 scrolls of teleportation {unknown}
 o - a scroll of blinking {unknown}
Potions
 h - a potion of might {unknown}
 i - a potion of brilliance {unknown}
 k - 2 potions of flight {unknown}
 u - a potion of resistance {unknown}
Comestibles
 c - 7 rations


   Skills:
 + Level 6.3 Fighting
 + Level 5.3 Axes
 + Level 4.8 Armour
 + Level 3.6 Dodging
 - Level 0.1 Stealth
 + Level 3.6 Invocations


You had 6 spell levels left.
You didn't know any spells.
Your spell library was empty.

Dungeon Overview and Level Annotations

Branches:
Dungeon (5/15)
 Temple: D:4-7

Altars:
Ashenzari
Dithmenos
Elyvilon
Nemelex Xobeh
Okawaru
Vehumet
Zin

Shops:
D:4 (

Annotations:
D:3 2 transporters, namelastname112's ghost, amateur DrGl


Innate Abilities, Weirdness & Mutations

You reflexively headbutt those who attack you in melee.
You have a pair of horns on your head.


Message History

The orc priest barely misses you. The orc priest hits you with a club.
* * * LOW HITPOINT WARNING * * *
The orc wizard barely misses you. You furiously retaliate!
You headbutt the orc wizard, but do no damage.
Okay, then.
You feel better.
The orc priest calls down the wrath of Beogh upon you.
Beogh smites you!
* * * LOW HITPOINT WARNING * * *
The orc priest invokes the aid of Beogh against you.
Pain shoots through your body!
* * * LOW HITPOINT WARNING * * *
The orc wizard misses you.
You slash the orc priest!
The orc priest is severely wounded.
You hit the orc priest.
You hit the orc wizard but do no damage.
The orc priest barely misses you.
The orc wizard falters for a moment.
The orc priest hits you with a club.
You die...

.....# ....# ..... ... #
... .###.
#######.##.....
.......oo...... #...
####..o@.#.#... ....
............... #.#
####........... ..# #
#.........#.
..####.#.#######.....##.
.................)......
.#..........†........##.
÷...............####...#
._.#............####....


You could see 2 orc priests and an orc wizard.

Vanquished Creatures
  3 ogres
  A centaur (D:5)
  2 scorpions (D:5)
  A crimson imp (D:5)
  An orc priest (D:3)
  An orc wizard (D:4)
  2 worker ants (D:4)
  6 adders
  A howler monkey skeleton (D:4)
  2 worms
  6 dart slugs
  7 leopard geckos
  8 orcs
  A ball python (D:1)
  10 bats
  4 giant cockroaches
  7 hobgoblins
  5 jackals
  3 quokkas (D:2)
  A frilled lizard (D:3)
  4 goblins
  9 kobolds
  6 rats
  A plant (D:1)
92 creatures vanquished.

Notes
Turn   | Place    | Note
-------+----------+-------------------------------------------
     0 | Abyss:1  | Borgoz the Minotaur Abyssal Knight began the quest for the
                  | Orb.
     0 | Abyss:1  | Reached XP level 1. HP: 19/19 MP: 1/1
    57 | Abyss:1  | Noticed a starcursed mass
    58 | D:1      | Escaped the Abyss
   173 | D:1      | Reached skill level 4 in Fighting
   314 | D:1      | Reached XP level 2. HP: 28/28 MP: 2/2
   559 | D:1      | Reached * piety under Lugonu
  1353 | D:2      | Reached XP level 3. HP: 33/34 MP: 3/3
  1366 | D:2      | Found an iron altar of Okawaru.
  1498 | D:2      | Found a shadowy altar of Dithmenos.
  1499 | D:2      | Found a glowing silver altar of Zin.
  2316 | D:3      | Reached XP level 4. HP: 27/41 MP: 4/4
  2541 | D:3      | Found a sparkling altar of Nemelex Xobeh.
  2555 | D:3      | Reached skill level 5 in Fighting
  2695 | D:3      | Found a transporter.
  2752 | D:3      | Found a transporter.
  2983 | D:3      | Noticed namelastname112's ghost (amateur DrGl)
  3251 | D:4      | Reached XP level 5. HP: 45/48 MP: 5/5
  3253 | D:4      | Reached ** piety under Lugonu
  3648 | D:4      | Found Ewaok's Antique Weapon Shop.
  3835 | D:4      | Noticed an ogre
  3878 | D:4      | Killed an ogre
  3878 | D:4      | Reached XP level 6. HP: 38/56 MP: 5/7
  4145 | D:4      | Found a shattered altar of Ashenzari.
  4504 | D:5      | Entered Level 5 of the Dungeon
  4525 | D:5      | Reached XP level 7. HP: 19/62 MP: 8/8
  4766 | D:5      | Reached skill level 6 in Fighting
  4766 | D:5      | Reached skill level 5 in Axes
  5037 | D:5      | Found a radiant altar of Vehumet.
  5104 | D:5      | Found a white marble altar of Elyvilon.
  5432 | D:5      | HP: 3/63 [orc priest/divine providence (13)]
  5432 | D:5      | HP: 1/63 [orc priest/nerve-wracking pain (2)]
  5433 | D:5      | Slain by an orc priest

Vault maps used:
D:1:      denvon_arrival_planthouse
D:2:      okawaru_ov_weapons_minmay, gammafunk_temple_overflow_pools,
          minmay_fountain_box
D:3:      nemelex_xobeh_ov_fountains_minmay, gammafunk_ghost_stat_death
D:4:      old_standard_altar, first_ration, serial_shops, shop_fountains,
          amethyst_killhole, kennysheep_generic_room_15
D:5:      vehumet_altar_wand_db, old_standard_altar

Skill      XL: |  1  2  3  4  5  6  7 |
---------------+----------------------+-----
Fighting       | 4 5 6 |  6.3
Axes           | 3 4 5 |  5.3
Invocations    | 2 3 |  3.6
Armour         | 3 4 |  4.8
Dodging        | 2 3 |  3.6
Stealth        | |  0.1

Action                   |  1- 3 |  4- 6 |  7- 9 || total
-------------------------+-------+-------+-------++-------
Melee: Hand axe          |   128 |    93 |    62 ||   283
       Headbutt          |    23 |    19 |    12 ||    54
Invok: Depart the Abyss  |     1 |       |       ||     1
  Use: Potion            |     1 |     3 |     1 ||     5
       Scroll            |       |     2 |       ||     2
 Stab: Sleeping          |       |     3 |       ||     3
  Eat: Chunk             |     4 |     7 |     3 ||    14
Armor: Leather armour    |    38 |    19 |     9 ||    66
Dodge: Dodged            |    68 |    52 |    27 ||   147

Table legend:
 A = Non-vault XP
 B = Vault XP
 C = Vault XP percentage of total XP
 D = Non-vault monster count
 E = Vault monster count
 F = Vault count percentage of total count
                 A         B        C        D         E       F
            +---------+---------+-------+---------+---------+-------
      Total |    1078 |       2 |   0.2 |      90 |       1 |   1.1
            +---------+---------+-------+---------+---------+-------
        D:1 |      33 |       0 |   0.0 |      17 |       0 |   0.0
        D:2 |      28 |       0 |   0.0 |      16 |       0 |   0.0
        D:3 |     139 |       0 |   0.0 |      29 |       0 |   0.0
        D:4 |     429 |       0 |   0.0 |      15 |       0 |   0.0
        D:5 |     449 |       2 |   0.4 |      13 |       1 |   7.1
            +---------+---------+-------+---------+---------+-------
